 Seeded DCSS version 0.29.1-15-g9cfb28693d (webtiles) character file.

Game seed: 5297477676520237703 (custom seed)

8 GigaChad the Covered (level 2, -1/19 HPs)
             Began as a Gargoyle Fighter on Mar 10, 2023.
             Frozen to death by an endoplasm (5 damage)
             ... on level 1 of the Dungeon.
             The game lasted 00:00:34 (390 turns).

GigaChad the Covered (Gargoyle Fighter)              Turns: 390, Time: 00:00:35

Health: -1/19      AC: 14    Str: 19    XL:     2   Next: 8%
Magic:  2/2        EV:  5    Int:  8    God:
Gold:   22         SH:  4    Dex:  9    Spells: 1/1 levels left

rFire   . . .      SeeInvis .   a - +0 war axe
rCold   . . .      Faith    .   c - +0 buckler
rNeg    + . .      Spirit   .   g - +0 plate armour
rPois   ∞          Reflect  .   (no helmet)
rElec   +          Harm     .   (no cloak)
rCorr   .          Rampage  .   (no gloves)
Will    .....                   (no boots)
Stlth   ..........              (no amulet)
HPRegen 0.06/turn               (no ring)
MPRegen 0.08/turn               (no ring)

@: no status effects
A: sickness immunity, AC +2, negative energy resistance 1, electricity
resistance, torment resistance 1, petrification resistance
a: no special abilities


You were on level 1 of the Dungeon.
You visited 1 branch of the dungeon, and saw 1 of its levels.

You collected 22 gold pieces.

Inventory:

Hand Weapons
 a - a +0 war axe (weapon)
Armour
 b - a +0 scale mail
 c - a +0 buckler (worn)
 g - a +0 plate armour (worn)
Jewellery
 i - an amulet of magic regeneration
Scrolls
 e - a scroll of vulnerability {unknown}
 f - a scroll of fear {unknown}
 h - 2 scrolls of identify {unknown}
Potions
 d - a potion of might


   Skills:
 + Level 3.4 Fighting
 + Level 1.9 Axes
 + Level 3.5 Armour
 + Level 3.4 Shields


You had one spell level left.
You didn't know any spells.
Your spell library was empty.

Dungeon Overview and Level Annotations

Branches:
Dungeon (1/15)

Altars:


Innate Abilities, Weirdness & Mutations

You are immune to sickness and miasma.
Your stone body is resilient. (AC +2)
You are immune to poison.
You resist negative energy. (rN+)
You are resistant to electric shocks. (rElec)
You are resistant to unholy torment.
You are immune to petrification.


Message History

No target in view!
Key pressed, stopping explore.
No target in view!
A goblin and an endoplasm come into view.
The goblin shouts!
The endoplasm quivers.
You hear a shout!
A kobold comes into view. It is wielding a +0 whip.
Found a bardiche.
The goblin hits you but does no damage.
There are monsters nearby!
You hit the goblin.
You kill the goblin!
You have reached level 2!
You barely miss the kobold. You block the kobold's attack.
The kobold hits you but does no damage. The endoplasm freezes you.
You are frozen.
You hit the kobold but do no damage. You barely miss the endoplasm.
The endoplasm freezes you.
You are frozen.
You block the kobold's attack.
You closely miss the kobold. You hit the endoplasm but do no damage.
The kobold hits you but does no damage. The endoplasm freezes you.
You are frozen.
The kobold closely misses you. The endoplasm freezes you.
You are frozen.
* * * LOW HITPOINT WARNING * * *
There are monsters nearby!
There are monsters nearby!
There are monsters nearby!
You hit the kobold.
The kobold is moderately wounded.
The kobold hits you but does no damage.
You slash the kobold!
You kill the kobold!
The endoplasm hits you but does no damage.
You barely miss the endoplasm. The endoplasm freezes you.
You are frozen.
You die...

######..#..# ##...##
##.## . #.# .) #.# ####.
#######.# .... ##....##.#
..##
#......#.#########...#.##
................@J......+
........##########)....##
##....#.# ...###
###.###.# .#.# # #.###.#
..... # #.....# ## ### #
####..# # #..# ######..#


You could see an endoplasm.

Vanquished Creatures
  A giant cockroach (D:1)
  A goblin (D:1)
  A hobgoblin (D:1)
  A quokka (D:1)
  2 kobolds (D:1)
  A rat (D:1)
7 creatures vanquished.

Notes
Turn   | Place    | Note
-------+----------+-------------------------------------------
     0 | D:1      | GigaChad the Gargoyle Fighter began the quest for the Orb.
     0 | D:1      | Reached XP level 1. HP: 14/14 MP: 1/1
   384 | D:1      | Reached XP level 2. HP: 19/19 MP: 2/2
   390 | D:1      | Frozen to death by an endoplasm

Illustrated notes

Levels and vault maps discovered:
D:1:      eino_arrival_cavern_d, layout_loops_corners

Action                   || total
-------------------------++-------
Melee: War axe           ||    16
Armor: Plate armour      ||     8
       Scale mail        ||     3
Dodge: Dodged            ||     4
Block: Buckler           ||     2
